 Dungeon Crawl Stone Soup version 0.29.1-15-g9cfb28693d (webtiles) character file.

Game seed: 19350024034126566

8 leafyfresh the Sneak (level 2, -14/21 HPs)
             Began as an Octopode Delver on Mar 4, 2023.
             Demolished by an iguana (15 damage)
             ... on level 5 of the Dungeon.
             The game lasted 00:00:14 (256 turns).

leafyfresh the Sneak (Octopode Delver)               Turns: 256, Time: 00:00:14

Health: -14/21     AC:  1    Str: 11    XL:     2   Next: 8%
Magic:  2/2        EV: 13    Int: 12    God:
Gold:   9          SH:  0    Dex: 13    Spells: 1/1 levels left

rFire   . . .      SeeInvis .   a - +0 short sword
rCold   . . .      Faith    .   (no shield)
rNeg    . . .      Spirit   .   (helmet restricted)
rPois   .          Reflect  .   (no amulet)
rElec   .          Harm     .   (no ring)
rCorr   .          Rampage  .   (no ring)
Will    .....                   (no ring)
Stlth   ++++......              (no ring)
HPRegen 0.07/turn               (no ring)
MPRegen 0.08/turn               (no ring)
                                (no ring)
                                (no ring)

@: no status effects
A: almost no armour, amphibious, 8 rings, camouflage 1, gelatinous body 1,
(nimble swimmer 1), tentacles
a: no special abilities


You were on level 5 of the Dungeon.
You visited 1 branch of the dungeon, and saw 1 of its levels.

You collected 9 gold pieces.

Inventory:

Hand Weapons
 a - a +0 short sword (weapon)
Wands
 f - a wand of digging (3)
Scrolls
 b - a scroll of fog
 c - a scroll of magic mapping
 d - a scroll of fear
Potions
 e - a potion of haste
 g - a potion of lignification {unknown}


   Skills:
 + Level 3.1 Fighting
 - Level 2.2 Short Blades
 + Level 2.2 Dodging
 + Level 6.7 Stealth


You had one spell level left.
You didn't know any spells.
Your spell library was empty.

Dungeon Overview and Level Annotations

Branches:
Dungeon (5/15)
 Temple: D:4-7

Altars:
Elyvilon
Gozag


Innate Abilities, Weirdness & Mutations

You cannot wear most types of armour.
You are amphibious.
You can wear up to eight rings at the same time.
Your skin changes colour to match your surroundings (Stealth+).
Your rubbery body absorbs attacks. (AC +1, EV +1)
((You are camouflaged when in or above water. (Stealth+)))
You have tentacles for arms and can constrict up to eight enemies at once.


Message History

The iguana is moderately wounded.
You constrict the iguana, but do no damage.
The iguana barely misses you.
You hit the iguana but do no damage.
The iguana is moderately wounded.
You constrict the iguana, but do no damage.
The iguana closely misses you.
You hit the iguana but do no damage.
The iguana is moderately wounded.
You constrict the iguana, but do no damage.
You barely miss the iguana.
The iguana is moderately wounded.
You constrict the iguana.
You hear some strange, mumbled words.
A puff of flame appears from out of thin air!
The puff of flame hits you! The iguana bites you. The orc misses you.
You are too injured to fight recklessly!
You are too injured to fight recklessly!
You are too injured to fight recklessly!
Unknown command.
You release your grip on the iguana.
The orc barely misses you. The iguana attacks as you move away!
The iguana barely misses you. The orc attacks as you move away!
The orc barely misses you. The iguana attacks as you move away!
The iguana closely misses you. The orc attacks as you move away!
The orc completely misses you. The orc attacks as you move away!
The orc hits you with a +0 hand axe.
* * * LOW HITPOINT WARNING * * *
You hit the iguana but do no damage. You grab the iguana.
The iguana is heavily wounded.
You constrict the iguana, but do no damage.
The iguana bites you.
* * * LOW HITPOINT WARNING * * *
You hit the iguana but do no damage. You squeeze the iguana.
The iguana is severely wounded.
You constrict the iguana. The iguana closely misses you.
You hit the iguana but do no damage.
The iguana is almost dead.
You constrict the iguana. The iguana bites you!
Ouch! That really hurt!
You die...

...#+#####.. ≈≈
#.......#.##≈#≈≈≈≈#≈.........
#.......#.#≈≈ ≈≈≈#≈~.........
#.......#.≈ ≈≈≈≈≈≈≈#.........
#.......#.## #≈#≈≈##.........
#......#..# ≈≈≈≈≈#..........
#.........##≈≈≈#~#..........
####.....##....####...[....#+#
.........##)....@l.o.......#.#
###......####.#####o.......#.#
####'### #.#######......#.#
#.######..##..........#.# #.
##..#...##.........#####.# #.
#.....#+###+###....#####.# #.
#....##.....#............###.
#....##.###.#..............#.
#....##.....#......#######.#.


You could see an iguana and 2 orcs.

Vanquished Creatures
  A shadow imp (D:5)
1 creature vanquished.

Notes
Turn   | Place    | Note
-------+----------+-------------------------------------------
     0 | D:5      | leafyfresh the Octopode Delver began the quest for the Orb.
     0 | D:5      | Reached XP level 1. HP: 16/16 MP: 1/1
     6 | D:5      | Found an opulent altar of Gozag.
    18 | D:5      | Reached XP level 2. HP: 12/21 MP: 2/2
   189 | D:5      | Found a white marble altar of Elyvilon.
   254 | D:5      | HP: 1/21 [iguana (5)]
   256 | D:5      | Demolished by an iguana

Illustrated notes

Levels and vault maps discovered:
D:5:      minmay_spotlight, layout_basic, nicolae_qazlal_general_emergency,
          nicolae_overflow_crystal_walls,
          mainiacjoe_overflow_concentric_impassable,
          mainiacjoe_overflow_six_doors_small, gammafunk_ghost_cemetery,
          minivault_24, minivault_4, chequers_serial_rivers_micro_b,
          reono_crystal_passage, st_stairs_13

Action                   || total
-------------------------++-------
Melee: Short sword       ||    13
       Constrict         ||     3
       Tentacles         ||     3
Dodge: Dodged            ||    14
